 Dungeon Crawl Stone Soup version 0.25-a0-661-g55ea3d2 (webtiles) character file.

Game seed: 14064010873654351970, levelgen mode: deterministic

75 BlueFish the Sneak (level 4, -3/30 HPs)
             Began as an Octopode Assassin on Mar 24, 2020.
             Splashed by a jelly's acid (5 damage)
             ... on level 3 of the Dungeon.
             The game lasted 00:05:14 (1549 turns).

BlueFish the Sneak (Octopode Assassin)              Turns: 1549, Time: 00:05:15

Health: -3/30      AC: -7    Str: 10    XL:     4   Next: 31%
Magic:  4/4        EV: 13    Int: 13    God:
Gold:   95         SH:  0    Dex: 14    Spells: 3/3 levels left

rFire    . . .     SeeInvis .   a - +3 dagger
rCold    . . .     Gourm    .   (no shield)
rNeg     . . .     Faith    .   (helmet restricted)
rPois    .         Spirit   .   (no amulet)
rElec    .         Reflect  .   (no ring)
rCorr    .         Harm     .   (no ring)
MR       .....                  (no ring)
Stlth    ++++......             (no ring)
HPRegen  0.10/turn              (no ring)
MPRegen  0.09/turn              (no ring)
                                (no ring)
                                (no ring)

@: corroded
A: almost no armour, stealthy swim, amphibious, 8 rings, constrict 8, camouflage
1, gelatinous body 1
a: no special abilities


You were on level 3 of the Dungeon.
You were not hungry.

You visited 1 branch of the dungeon, and saw 3 of its levels.

You collected 95 gold pieces.

Inventory:

Hand Weapons
 a - a +3 dagger (weapon)
Missiles
 b - 8 poisoned darts (quivered)
 c - 2 curare-tipped darts
 f - 12 boomerangs
Jewellery
 e - a +3 ring of intelligence
Scrolls
 i - a scroll of noise
 j - 5 scrolls of remove curse
 k - a scroll of blinking
 m - a scroll of fear
 n - a scroll of teleportation
 o - a scroll of identify
Potions
 g - a potion of cancellation
 l - a potion of flight
 q - 2 potions of curing
Comestibles
 d - 2 rations
 h - 2 chunks of flesh


   Skills:
 * Level 2.4 Fighting
 * Level 2.2 Short Blades
 * Level 2.3 Throwing
 * Level 1.6 Dodging
 * Level 6.8 Stealth


You had 3 spell levels left.
You didn't know any spells.
Your spell library contained the following spells:

 Spells                   Type           Power        Failure   Level  Hunger
 Confusing Touch          Hex            #.......     67%         3    ####...
 Gell's Gravitas          Tloc           #.........   67%         3    ####...
 Petrify                  Tmut/Erth      #.......     97%         4    #####..
 Metabolic Englaciation   Hex/Ice        #.........   100%        5    ######.
 Yara's Violent Unravell  Hex/Tmut       #.........   100%        5    ######.


Dungeon Overview and Level Annotations

Branches:
Dungeon (3/15)

Altars:
Sif Muna


Innate Abilities, Weirdness & Mutations

You cannot wear most types of armour.
You are very stealthy in the water. (Stealth+)
You are amphibious.
You can wear up to eight rings at the same time.
You can use your tentacles to constrict eight enemies at once.
Your skin changes colour to match your surroundings (Stealth+).
Your rubbery body absorbs attacks. (AC +1, EV +1)


Message History

A rat and a hobgoblin come into view.
The bat hits you.
You hit the jelly but do no damage.
Your tentacles burn!
The bat misses you. The jelly misses you.
You hit the jelly. The acid corrodes you!
Your tentacles burn!
The jelly is moderately wounded.
The jelly hits you.
You are splashed with acid!
* * * LOW HITPOINT WARNING * * *
The bat barely misses you. The bat hits you.
* * * LOW HITPOINT WARNING * * *
The bat hits you.
* * * LOW HITPOINT WARNING * * *
You barely miss the bat. You grab the bat. You constrict the bat.
The bat closely misses you.
The bat struggles to escape constriction.
The jelly hits you.
* * * LOW HITPOINT WARNING * * *
The acid corrodes you!
You are splashed with acid.
You die...

..............# .
#..##........##....
..####....<.......
......##.#..####.?..
.. #..#.#..........
.. #.#.(.##..#.... #
. #.>..####.# #
#.#.#...#.......
###...##@...#.##..#
.......#bJ..#.# ...
................ ...
####.............
#..........>..
#.............
#..>......#....
.........#......
..........#.....


You could see a jelly and a bat.

Vanquished Creatures
  An adder (D:2)
  An ooze (D:1)
  A worm (D:2)
  2 dart slugs (D:1)
  4 leopard geckos
  2 ball pythons (D:1)
  A giant cockroach (D:1)
  6 goblins
  7 hobgoblins
  3 jackals (D:2)
  5 kobolds
  7 bats
  2 frilled lizards (D:1)
  4 rats
46 creatures vanquished.

Notes
Turn   | Place    | Note
-------+----------+-------------------------------------------
     0 | D:1      | BlueFish the Octopode Assassin began the quest for the Orb.
     0 | D:1      | Reached XP level 1. HP: 14/14 MP: 1/1
    74 | D:1      | Reached XP level 2. HP: 18/19 MP: 2/2
   261 | D:1      | Reached skill level 6 in Stealth
   336 | D:1      | Reached XP level 3. HP: 19/24 MP: 3/3
   945 | D:2      | Reached XP level 4. HP: 28/30 MP: 4/4
  1106 | D:2      | Found a shimmering blue altar of Sif Muna.
  1442 | D:2      | Found a faded altar of an unknown god.
  1549 | D:3      | Splashed by a jelly's acid

Levels and vault maps discovered:
D:1:      lightli_arrival_windingriver, layout_basic, minmay_misc_feat_hallway
D:2:      layout_loops_ring, chequers_ecumenical_altar_lobes, led_sif_pool
D:3:      layout_rooms, first_ration

Skill      XL: |  1  2 |
---------------+-------+-----
Stealth        | 6 |  6.8
Fighting       | |  2.4
Short Blades   | |  2.2
Throwing       | |  2.3
Dodging        | |  1.6

Action                   |  1- 3 |  4- 6 || total
-------------------------+-------+-------++-------
Melee: Dagger            |    69 |    25 ||    94
       Constrict         |    19 |     6 ||    25
       Tentacles         |    12 |     1 ||    13
  Use: Scroll            |     9 |     3 ||    12
 Stab: Sleeping          |     9 |     7 ||    16
       Distracted        |       |     1 ||     1
  Eat: Chunk             |       |     2 ||     2
Armor: Skin              |     3 |     3 ||     6
Dodge: Dodged            |    49 |    10 ||    59

Table legend:
 A = Non-vault XP
 B = Vault XP
 C = Vault XP percentage of total XP
 D = Non-vault monster count
 E = Vault monster count
 F = Vault count percentage of total count
                 A         B        C        D         E       F
            +---------+---------+-------+---------+---------+-------
      Total |     108 |       0 |   0.0 |      46 |       0 |   0.0
            +---------+---------+-------+---------+---------+-------
        D:1 |      56 |       0 |   0.0 |      26 |       0 |   0.0
        D:2 |      46 |       0 |   0.0 |      17 |       0 |   0.0
        D:3 |       6 |       0 |   0.0 |       3 |       0 |   0.0
            +---------+---------+-------+---------+---------+-------
